 Dungeon Crawl Stone Soup version 0.29.0-4-gdea44cf6ec (webtiles) character file.

Game seed: 7867173002904344727

22 qw the Chopper (level 2, -1/17 HPs)
             Began as a Tengu Warper on Aug 28, 2022.
             Slain by Terence
             ... wielding a +0 mace of distortion
              (6 damage)
             ... on level 2 of the Dungeon.
             The game lasted 00:00:05 (1123 turns).

qw the Chopper (Tengu Warper)                       Turns: 1123, Time: 00:00:06

Health: -1/17      AC:  6    Str: 11    XL:     2   Next: 91%
Magic:  6/6        EV: 10    Int: 13    God:
Gold:   9          SH:  0    Dex: 13    Spells: 5/5 levels left

rFire   . . .      SeeInvis .   Y - +1 hand axe
rCold   . . .      Faith    .   (no shield)
rNeg    . . .      Spirit   .   e - +0 ring mail
rPois   .          Reflect  .   (helmet restricted)
rElec   .          Harm     .   (no cloak)
rCorr   .          Rampage  .   f - +0 pair of gloves
Will    .....                   (boots unavailable)
Stlth   +.........              (no amulet)
HPRegen 0.05/turn               (no ring)
MPRegen 0.10/turn               (no ring)

@: no status effects
A: beak, talons 3
a: no special abilities


You were on level 2 of the Dungeon.
You visited 1 branch of the dungeon, and saw 2 of its levels.

You collected 9 gold pieces.


Innate Abilities, Weirdness & Mutations

You have a beak for a mouth.
You have claws for feet.


   Skills:
 - Level 2.0 Fighting
 + Level 3.6 Axes
 - Level 1.0 Throwing
 - Level 1.1 Armour
 - Level 2.1 Dodging
 - Level 2.0 Spellcasting
 - Level 2.4 Translocations


You had 5 spell levels left.
You didn't know any spells.
Your spell library contained the following spells:

 Spells                   Type           Power      Damage    Failure   Level
 Blink                    Tloc           14%        N/A       34%         2
 Gell's Gravitas          Tloc           7%         N/A       56%         3
 Lesser Beckoning         Tloc           7%         N/A       56%         3
 Teleport Other           Tloc           7%         N/A       56%         3
 Manifold Assault         Tloc           7%         N/A       99%         5

Inventory:

Hand Weapons
 i - a +0 mace
 Y - a +1 hand axe (weapon)
Armour
 e - a +0 ring mail (worn)
 f - a +0 pair of gloves (worn)
Scrolls
 k - a scroll of teleportation
Potions
 g - a potion of flight {unknown}
 h - a potion of degeneration {unknown}

Dungeon Overview and Level Annotations

Branches:
Dungeon (2/15)

Altars:

Shops:
D:1 [

Annotations:
D:1 2 transporters
D:2 Terence


Message History

Partly explored, unvisited transporter.
1096 ||| READING scroll labelled HOGAEN JEDWEAPS.
As you read the scroll labelled HOGAEN JEDWEAPS, it crumbles to dust.
It is a scroll of enchant weapon.
Your +0 hand axe glows red for a moment.
Partly explored, unvisited transporter.
1097 ||| READING 2 scrolls labelled GUHIMO DIZEMMU.
As you read the scroll labelled GUHIMO DIZEMMU, it crumbles to dust.
You feel strangely unstable.
It was a scroll of teleportation.
You start waiting.
Your surroundings suddenly seem different.
Partly explored, unvisited transporter.
1102 ||| DROPPING scroll of blinking.
You drop a scroll of blinking.
Partly explored, unvisited transporter.
(D) Dungeon
Where to? (* - list waypoints, ? - help)
What level of the Dungeon? (default 1, ? - help)
There is a stone staircase leading down here.
You climb downwards.
Terence shouts!
Found a stone staircase leading down.
There is a stone staircase leading up here.
Terence is nearby!
Existing waypoints: (2) D:1 Assign waypoint to what number? (0-9, D - delete waypoint) Waypoint 1 assigned to D:2.
Enter note: Terence says, "How do you enjoy it?"
You hit Terence. You claw Terence.
Terence is heavily wounded.
Terence hits you but does no damage. Space warps horribly around you!
Ouch! That really hurt!
You hit Terence.
Terence is severely wounded.
Terence barely misses you.
You hit Terence but do no damage. You peck Terence.
Terence is almost dead.
Terence hits you with a +0 mace of distortion.
You die...

.#.# .#.#
##.#.# #
#....#.#
......> #
###....#
....#......#
#.....@@..#
....##....##
. .........
.....##.#..#
##.### ..
... #. ...
#. . ... .
....


You could see Terence.

Vanquished Creatures
  A dart slug (D:1)
  An endoplasm (D:1)
  A giant cockroach (D:1)
  3 goblins (D:1)
  A hobgoblin (D:1)
  2 jackals (D:1)
  2 kobolds (D:1)
  2 quokkas (D:1)
  3 ball pythons (D:1)
  A rat (D:1)
17 creatures vanquished.

Notes
Turn   | Place    | Note
-------+----------+-------------------------------------------
     0 | D:1      | qw the Tengu Warper began the quest for the Orb.
     0 | D:1      | Reached XP level 1. HP: 12/12 MP: 4/4
     0 | D:1      | 0 ||| qw: Version: 0.1-a-89-g26bdef1
     0 | D:1      | 0 ||| qw: Game counter: 480
     0 | D:1      | 0 ||| qw: Always use a shield: true
     0 | D:1      | 0 ||| qw: God list: Okawaru
     0 | D:1      | 0 ||| qw: Allow faded altars: false
     0 | D:1      | 0 ||| qw: Do Orc after D:15 true
     0 | D:1      | 0 ||| qw: Do second Lair branch before Depths: true
     0 | D:1      | 0 ||| qw: Lair rune preference: random
     0 | D:1      | 0 ||| qw: Plans: Normal
     0 | D:1      | 0 ||| PLANNING D:1-11
    15 | D:1      | 15 ||| Stepping ~*~*~tactically~*~*~ (stealth).
    17 | D:1      | 17 ||| Stepping ~*~*~tactically~*~*~ (stealth).
   107 | D:1      | Reached XP level 2. HP: 17/17 MP: 6/6
   122 | D:1      | 122 ||| DROPPING +0 club.
   139 | D:1      | Reached skill level 3 in Axes
   659 | D:1      | Found Paihahai's Armour Emporium.
   662 | D:1      | 662 ||| SHOPLISTING +0 cloak (45 gold, have 9).
   662 | D:1      | 662 ||| SHOPLISTING +0 scale mail (40 gold, have 9).
  1079 | D:1      | 1079 ||| UPGRADING to +0 ring mail.
  1089 | D:1      | 1089 ||| DROPPING +0 leather armour.
  1090 | D:1      | 1090 ||| UPGRADING to +0 pair of gloves.
  1095 | D:1      | 1095 ||| READING scroll labelled WETRIT UFIOM.
  1096 | D:1      | 1096 ||| READING scroll labelled HOGAEN JEDWEAPS.
  1097 | D:1      | 1097 ||| READING 2 scrolls labelled GUHIMO DIZEMMU.
  1102 | D:1      | 1102 ||| DROPPING scroll of blinking.
  1118 | D:2      | Noticed Terence
  1123 | D:2      | Slain by Terence

Levels and vault maps discovered:
D:1:      spicycebolla_arrival_transporter_tutorial, layout_loops_ring,
          serial_shops, shop_statue, chequers_serial_rivers_micro_a
D:2:      layout_basic, hellmonk_ecumenical_altar_pennies_from_heaven,
          uniq_terence, uniq_sigmund

Skill      XL: |  1  2 |
---------------+-------+-----
Axes           | 3 |  3.6
Fighting       | |  2.0
Throwing       | |  1.0
Armour         | |  1.1
Dodging        | |  2.1
Spellcasting   | |  2.0
Translocations | |  2.4

Action                   || total
-------------------------++-------
Melee: Hand axe          ||    36
       Peck              ||     8
       Kick              ||    10
Throw: Boomerang         ||     7
  Use: Scroll            ||     3
Armor: Leather armour    ||     9
       Ring mail         ||     1
Dodge: Dodged            ||    14

Table legend:
 A = Non-vault XP
 B = Vault XP
 C = Vault XP percentage of total XP
 D = Non-vault monster count
 E = Vault monster count
 F = Vault count percentage of total count
                 A         B        C        D         E       F
            +---------+---------+-------+---------+---------+-------
      Total |      32 |       0 |   0.0 |      17 |       0 |   0.0
            +---------+---------+-------+---------+---------+-------
        D:1 |      32 |       0 |   0.0 |      17 |       0 |   0.0
            +---------+---------+-------+---------+---------+-------
